 Dungeon Sprint DCSS version 0.29-a0-392-g297d3b089c (webtiles) character file.

Game seed: 15249259504366159670

36377 mhtbhm the Shatterer (level 13, -4/157 HPs)
             Began as a Gargoyle Berserker on May 8, 2022.
             Was the Champion of Trog.
             Splashed by the Royal Jelly's acid (8 damage)
             ... in the Dungeon (Sprint VII: "The Pits").
             The game lasted 00:12:22 (4575 turns).

mhtbhm the Shatterer (Gargoyle Berserker)           Turns: 4575, Time: 00:12:23

Health: -4/157     AC: 12    Str: 24    XL:     13   Next: 89%
Magic:  13/13      EV: 11    Int:  8    God:    Trog [******]
Gold:   37         SH:  0    Dex:  9    Spells: 12/12 levels left

rFire   . . .      SeeInvis .   a - +5 great mace (flame)
rCold   + + .      Faith    .   (shield currently unavailable)
rNeg    + . .      Spirit   .   b - +0 storm dragon scales
rPois   ∞          Reflect  .   j - +1 hat {Will+}
rElec   +          Harm     .   (no cloak)
rCorr   .          Rampage  .   n - +0 pair of gloves
Will    +....      NoTele   +   o - +0 pair of boots
Stlth   ..........              (no amulet)
HPRegen 0.36/turn               p - ring of protection from cold
MPRegen 0.13/turn               q - ring of protection from cold

@: berserking (expiring), corroded, hasted, very quick
A: sickness immunity, AC +9, negative energy resistance 1, electricity
resistance, torment resistance 1, petrification resistance, weak 1
a: Renounce Religion, Berserk, Trog's Hand, Brothers in Arms


You were in the Dungeon.
You worshipped Trog.
Trog was exalted by your worship.
You visited 1 branch You collected 37 gold pieces.

Inventory:

Hand Weapons
 a - a +5 great mace of flaming (weapon)
Missiles
 k - 2 throwing nets (quivered)
 A - a silver javelin
Armour
 b - +0 storm dragon scales (worn)
 j - a +1 hat of willpower (worn)
 n - a +0 pair of gloves (worn)
 o - a +0 pair of boots (worn)
Jewellery
 p - a ring of protection from cold (left hand)
 q - a ring of protection from cold (right hand)
Wands
 r - a wand of paralysis (11)
 z - a wand of flame (14)
Scrolls
 t - 2 scrolls of enchant armour
 u - 2 scrolls of blinking
 v - 2 scrolls of enchant weapon
 w - 3 scrolls of fear
 x - a scroll of fog
Potions
 c - 9 potions of curing
 d - 7 potions of heal wounds
 e - 4 potions of haste
 f - 4 potions of magic
 g - 6 potions of berserk rage
 h - a potion of ambrosia {unknown}
 i - 2 potions of invisibility
 l - a potion of cancellation
 m - 2 potions of resistance
 s - a potion of attraction
Miscellaneous
 y - a tin of tremorstones (2/2)


   Skills:
 + Level 21.7 Fighting
 + Level 23.6 Maces & Flails
 + Level 18.3 Armour
 + Level 9.6 Dodging
 + Level 4.0 Stealth
 + Level 2.2 Evocations


You had 12 spell levels left.
You didn't know any spells.
Your spell library was empty.

Dungeon Overview and Level Annotations

Branches:
Dungeon (1/1)

Altars:
Gozag
Hepliaklqana
Sif Muna
Trog
Jiyva

Annotations:
D Royal Jelly


Innate Abilities, Weirdness & Mutations

You are immune to sickness and miasma.
Your stone body is resilient. (AC +9)
You are immune to poison.
You resist negative energy. (rN+)
You are resistant to electric shocks. (rElec)
You are resistant to unholy torment.
You are immune to petrification.
You are weak. (Str -2)


Message History

The splash of acid misses you.
The splash of acid hits the rockslime.
The acid corrodes the rockslime!
Unknown command.
You hit the rockslime.
The rockslime is moderately wounded.
You bludgeon the rockslime!! You burn the rockslime.
The rockslime is severely wounded.
The acid blob hits you!
* * * LOW HITPOINT WARNING * * *
You are splashed with acid!
* * * LOW HITPOINT WARNING * * *
Unknown command.
Unknown command.
You hit the rockslime but do no damage.
The rockslime is severely wounded.
The rockslime hits you but does no damage.
Unknown command.
You sock the rockslime!
You kill the rockslime!
That felt strangely unrewarding.
The acid blob spits acid at you. The splash of acid hits you!
* * * LOW HITPOINT WARNING * * *
The acid corrodes you!
You sock the Royal Jelly! You burn the Royal Jelly. The acid corrodes you!
Your hands burn!
* * * LOW HITPOINT WARNING * * *
The Royal Jelly is moderately wounded.
The Royal Jelly shudders.
The Royal Jelly spits out another jelly.
Unknown command.
Unknown command.
You flatten the Royal Jelly like a pancake!!!
You burn the Royal Jelly!! The acid corrodes you!
Your hands burn!
* * * LOW HITPOINT WARNING * * *
The Royal Jelly is severely wounded.
The Royal Jelly hits you!!
* * * LOW HITPOINT WARNING * * *
You are splashed with acid!
You die...

#+# #J# #J# #@#
#J# #J# #'#
################'#
.................#
.................#
+##############).#
#.)#


You could see the Royal Jelly, an acid blob, an azure jelly and a rockslime.

Vanquished Creatures
  A royal mummy (D)
  A bone dragon (D)
  Kirke (D)
  Gastronok (D)
  A storm dragon (D)
  A rockslime (D)
  An emperor scorpion (D)
  A frost giant (D)
  A white draconian (D)
  An ettin (D)
  Harold (D)
  A hydra (D)
  2 catoblepae (D)
  A merfolk avatar (D)
  2 slime creatures (D)
  2 shadow wraiths (D)
  3 skeletal warriors (D)
  A flayed ghost (D)
  2 swamp dragons (D)
  A spriggan druid (D)
  2 sea snakes (D)
  A deep troll (D)
  2 lindwurms (D)
  A wolf spider (D)
  An elephant (D)
  A black mamba (D)
  A smoke demon (D)
  A cane toad (D)
  2 gargoyles (D)
  An unseen horror (D)
  A kobold demonologist (D)
  An efreet (D)
  A demonic crawler (D)
  A guardian mummy (D)
  A troll (D)
  A hellwing (D)
  A wind drake (D)
  2 hornets (D)
  A tarantella (D)
  6 blink frogs (D)
  An air elemental (D)
  A wraith (D)
  A ynoxinul (D)
  2 shadows (D)
  A water elemental (D)
  A hog (D)
  2 vampire mosquitoes (D)
  2 redbacks (D)
  A neqoxec (D)
  A floating eye (D)
  A swamp drake (D)
  An ice beast (D)
  A black bear (D)
  A centaur (D)
  A wolf (D)
  A gnoll sergeant (D)
  A kobold brigand (D)
  A bullfrog (D)
  A quasit (D)
  A gnoll shaman (D)
  2 iguanas (D)
  2 mummies (D)
  8 gnolls (D)
  2 adders (D)
  2 orcs (D)
  A bat (D)
  An endoplasm (D)
  A giant cockroach (D)
  2 hobgoblins (D)
  4 kobolds (D)
  A quokka (D)
  A ball python zombie (D)
  A jackal skeleton (D)
  A rat (D)
107 creatures vanquished.

Vanquished Creatures (collateral kills)
  A deep elf master archer (D)
  A minotaur (D)
  A merfolk javelineer (D)
  Erolcha (D)
  A shadow wraith (D)
  A bog body (D)
  An orc knight (D)
  A deep elf zephyrmancer (D)
  A rust devil (D)
  A demonic crawler (D)
  An ice devil (D)
  A merfolk (D)
  A tyrant leech (D)
  A blink frog (D)
  A snapping turtle (D)
  A shadow (D)
  Eustachio (D)
  A sky beast (D)
  3 wolves (D)
  A centaur (D)
  5 killer bees (D)
  A white imp (D)
  2 orcs (D)
30 creatures vanquished.

Vanquished Creatures (others)
  3 humans (D)
3 creatures vanquished.

Grand Total: 140 creatures vanquished

Notes
Turn   | Place    | Note
-------+----------+-------------------------------------------
     0 | D        | mhtbhm the Gargoyle Berserker began the quest for the Orb.
     0 | D        | Reached XP level 1. HP: 14/14 MP: 1/1
   216 | D        | Reached ** piety under Trog
   422 | D        | Reached XP level 2. HP: 20/20 MP: 2/2
   518 | D        | Noticed a centaur
   519 | D        | Reached *** piety under Trog
   520 | D        | Reached skill level 4 in Maces & Flails
   528 | D        | Killed a centaur
   529 | D        | Reached skill level 6 in Maces & Flails
   529 | D        | Reached XP level 3. HP: 28/28 MP: 3/3
   529 | D        | Reached XP level 4. HP: 32/32 MP: 4/4
   579 | D        | Found a bloodstained altar of Trog.
   579 | D        | Found a shimmering blue altar of Sif Muna.
   579 | D        | Found a viscous altar of Jiyva.
   579 | D        | Found a hazy altar of Hepliaklqana.
   579 | D        | Found an opulent altar of Gozag.
   602 | D        | Noticed a wolf
   612 | D        | Reached skill level 1 in Stealth
   619 | D        | Killed a wolf
   620 | D        | Reached skill level 7 in Maces & Flails
   620 | D        | Reached XP level 5. HP: 17/39 MP: 5/5
   622 | D        | Reached **** piety under Trog
   623 | D        | Noticed an ice beast
   804 | D        | Killed an ice beast
   805 | D        | Reached skill level 8 in Maces & Flails
   805 | D        | Reached XP level 6. HP: 29/45 MP: 6/6
   920 | D        | Reached skill level 9 in Maces & Flails
   920 | D        | Reached skill level 5 in Armour
  1015 | D        | Killed a shadow wraith
  1015 | D        | Reached ***** piety under Trog
  1016 | D        | Reached skill level 10 in Fighting
  1016 | D        | Reached skill level 11 in Maces & Flails
  1016 | D        | Reached skill level 5 in Dodging
  1016 | D        | Reached XP level 7. HP: 25/53 MP: 7/7
  1016 | D        | Reached XP level 8. HP: 28/59 MP: 8/8
  1205 | D        | Paralysed by a floating eye for 4 turns
  1228 | D        | Reached skill level 12 in Maces & Flails
  1337 | D        | Noticed a tyrant leech
  1337 | D        | Noticed a wraith
  1347 | D        | Killed a wraith
  1364 | D        | Killed a tyrant leech
  1368 | D        | Reached skill level 13 in Maces & Flails
  1514 | D        | Noticed an efreet
  1514 | D        | Noticed a black mamba
  1514 | D        | Noticed a blink frog
  1515 | D        | Noticed a blink frog
  1520 | D        | Killed a black mamba
  1521 | D        | Reached XP level 9. HP: 65/65 MP: 9/9
  1524 | D        | Killed an efreet
  1525 | D        | Reached skill level 14 in Maces & Flails
  1534 | D        | Noticed a troll
  1541 | D        | Noticed an orc knight
  1542 | D        | Received a gift from Trog
  1544 | D        | Killed a troll
  1557 | D        | Reached skill level 15 in Maces & Flails
  1563 | D        | Killed an orc knight
  1564 | D        | Reached skill level 10 in Armour
  1564 | D        | Reached XP level 10. HP: 46/73 MP: 10/10
  1565 | D        | Killed a shadow wraith
  1581 | D        | Noticed a demonic crawler
  1583 | D        | Killed a demonic crawler
  1583 | D        | Reached ****** piety under Trog
  1584 | D        | Reached skill level 16 in Maces & Flails
  1585 | D        | Received a gift from Trog
  1705 | D        | Noticed a gargoyle
  1712 | D        | Killed a gargoyle
  1834 | D        | HP: 2/112 [something (15)]
  1836 | D        | Killed a shadow wraith
  2177 | D        | Noticed a sea snake
  2177 | D        | Noticed a cane toad
  2184 | D        | Killed a sea snake
  2186 | D        | Killed a cane toad
  2267 | D        | Noticed a demonic crawler
  2267 | D        | Noticed a lindwurm
  2267 | D        | Noticed an elephant
  2278 | D        | Noticed Erolcha
  2278 | D        | Killed a demonic crawler
  2279 | D        | Reached skill level 17 in Maces & Flails
  2279 | D        | Reached XP level 11. HP: 68/80 MP: 11/11
  2279 | D        | Noticed a minotaur
  2283 | D        | Received a gift from Trog
  2284 | D        | Reached skill level 15 in Fighting
  2286 | D        | Killed a lindwurm
  2301 | D        | Killed a minotaur
  2304 | D        | Killed Erolcha
  2518 | D        | Noticed Gastronok
  2526 | D        | Received a gift from Trog
  2531 | D        | Noticed Eustachio
  2536 | D        | Reached skill level 15 in Armour
  2541 | D        | Reached skill level 18 in Maces & Flails
  2550 | D        | Received a gift from Trog
  2567 | D        | Killed Gastronok
  2575 | D        | Killed Eustachio
  2578 | D        | Noticed a five-headed hydra
  2582 | D        | Killed a six-headed hydra
  2585 | D        | Reached XP level 12. HP: 46/91 MP: 12/12
  2921 | D        | Received a gift from Trog
  2930 | D        | Reached skill level 19 in Maces & Flails
  3065 | D        | Noticed a catoblepas
  3078 | D        | Killed a catoblepas
  3082 | D        | Identified the +9 quick blade of Cyzax {antimagic, *Corrode
                  | rF+ rN+ Dex+4} (Trog gifted it to you in the Dungeon)
  3082 | D        | Received a gift from Trog
  3158 | D        | Reached skill level 20 in Maces & Flails
  3483 | D        | Noticed Harold
  3483 | D        | Noticed an emperor scorpion
  3494 | D        | Killed an emperor scorpion
  3494 | D        | Received a gift from Trog
  3499 | D        | Killed Harold
  3615 | D        | Noticed a white draconian
  3615 | D        | Noticed an ettin
  3615 | D        | Noticed a bone dragon
  3615 | D        | Noticed a merfolk avatar
  3632 | D        | Killed a merfolk avatar
  3633 | D        | Reached skill level 21 in Maces & Flails
  3634 | D        | Received a gift from Trog
  3643 | D        | Killed a bone dragon
  3644 | D        | Killed an ettin
  3645 | D        | Reached XP level 13. HP: 66/100 MP: 13/13
  3663 | D        | Killed a white draconian
  3906 | D        | Noticed a deep elf master archer
  3907 | D        | Received a gift from Trog
  3911 | D        | Noticed Kirke
  3912 | D        | Gained mutation: You are weak. (Str -2) [a neqoxec]
  3913 | D        | Reached skill level 1 in Evocations
  3920 | D        | Noticed a merfolk javelineer
  3922 | D        | Killed Kirke
  3923 | D        | Reached skill level 22 in Maces & Flails
  3924 | D        | Received a gift from Trog
  3926 | D        | Killed a merfolk javelineer
  3930 | D        | Killed a deep elf master archer
  3940 | D        | Received a gift from Trog
  3982 | D        | Received a gift from Trog
  3992 | D        | Noticed a frost giant
  4014 | D        | Killed a frost giant
  4020 | D        | Reached skill level 23 in Maces & Flails
  4027 | D        | Received a gift from Trog
  4275 | D        | Noticed a royal mummy
  4286 | D        | Killed a royal mummy
  4453 | D        | Noticed a storm dragon
  4457 | D        | Killed a storm dragon
  4563 | D        | Noticed the Royal Jelly
  4566 | D        | Noticed a rockslime
  4567 | D        | Noticed an acid blob
  4568 | D        | Noticed a rockslime
  4573 | D        | Killed a rockslime
  4574 | D        | Noticed an azure jelly
  4575 | D        | HP: 4/157 [the Royal Jelly (23)]
  4575 | D        | Splashed by the Royal Jelly's acid

Illustrated notes

Levels and vault maps discovered:
D:        pitsprint [storerooms_1, entrance_room_1, metal_vault_5, armoury_1,
          mini_pit_1, grid_room_1, main_hall_1, silver_pit, the_coven_3,
          the_vestibule_1, steel_vault_2, golden_pit, hallway_of_sentries,
          crystal_vault_1, iron_vault_1, final_vault]

Skill      XL: |  1  2  3  4  5  6  7  8  9 10 11 12 13 |
---------------+----------------------------------------+-----
Fighting       | 4 6 7 8 10 12 13 14 17 19 21 | 21.7
Dodging        | 3 4 5 6 7 8 9 |  9.6
Maces & Flails | 6 7 8 11 13 15 17 18 21 23 | 23.6
Armour         | 3 4 6 8 10 13 15 16 18 | 18.3
Stealth        | 1 2 3 4 |  4.0
Evocations     | 2 |  2.2

Action                   |  1- 3 |  4- 6 |  7- 9 | 10-12 | 13-15 || total
-------------------------+-------+-------+-------+-------+-------++-------
Melee: Mace              |    27 |    41 |    46 |       |       ||   114
       Morningstar       |       |       |    37 |     1 |       ||    38
       Dire flail        |       |       |       |    74 |       ||    74
       Great mace        |       |       |       |   157 |    93 ||   250
Invok: Berserk           |     2 |     1 |     2 |     6 |     4 ||    15
       Brothers in Arms  |       |       |     3 |     2 |     2 ||     7
Evoke: Wand              |       |       |       |     1 |       ||     1
       Tin of tremorston |       |       |       |       |     2 ||     2
  Use: Potion            |       |       |     5 |     4 |     3 ||    12
       Scroll            |       |       |     2 |       |       ||     2
Armor: Animal skin       |    18 |       |       |       |       ||    18
       Chain mail        |       |    19 |    51 |   187 |    46 ||   303
       Storm dragon scal |       |       |       |       |     4 ||     4
Dodge: Dodged            |    29 |     9 |    48 |   150 |    27 ||   263

Table legend: (Time is in decaauts)
 A = Elapsed time spent in this place.
 B = Non-inter-level travel time spent in this place.
 C = Inter-level travel time spent in this place.
 D = Time resting spent in this place.
 E = Time spent auto-exploring this place.
 F = Levels seen in this place.
 G = Mean time per level.
                   A        B        C        D        E       F      G
               +--------+--------+--------+--------+--------+-----+--------+
         Total |   4592 |   4592 |      0 |   3117 |     26 |   1 | 4592.0 |
       Dungeon |   4592 |   4592 |      0 |   3117 |     26 |   1 | 4592.0 |
               +--------+--------+--------+--------+--------+-----+--------+

Top non-repeatable levels by time:
       D: 4592 daAuts
